 Dungeon Crawl Stone Soup version 0.28.0-53-g5a82cb258f (webtiles) character file.

Game seed: 14677641887429780695

121 MalarOregon the Skirmisher (level 4, 0/38 HPs)
             Began as a Palentonga Fighter on June 12, 2022.
             Slain by an ogre
             ... wielding a +0 giant spiked club
              (21 damage)
             ... on level 4 of the Dungeon.
             The game lasted 00:04:37 (3549 turns).

MalarOregon the Skirmisher (Palentonga Fighter)     Turns: 3549, Time: 00:04:38

Health: 0/38       AC: 14    Str: 21    XL:     4   Next: 77%
Magic:  4/4        EV:  3    Int:  8    God:
Gold:   127        SH:  4    Dex: 10    Spells: 3/3 levels left

rFire   . . .      SeeInvis +   a - +0 war axe
rCold   . . .      Faith    .   c - +0 buckler
rNeg    . . .      Spirit   .   e - +0 plate armour
rPois   .          Reflect  .   n - +0 helmet
rElec   .          Harm     .   (no cloak)
rCorr   .          Rampage  .   (no gloves)
Will    .....                   (no barding)
Stlth   ..........              (no amulet)
HPRegen 0.12/turn               l - +4 ring of protection
MPRegen 0.09/turn               (no ring)

@: no status effects
A: large, rugged brown scales 3, see invisible, deformed body, roll 1, armoured
tail
a: Rolling Charge


You were on level 4 of the Dungeon.
You visited 1 branch of the dungeon, and saw 4 of its levels.

You collected 127 gold pieces.


Innate Abilities, Weirdness & Mutations

You are completely covered in rugged brown scales. (AC +3, +7% HP)
You have supernaturally acute eyesight. (SInv)
Armour fits poorly on your strangely shaped body.
You can roll at nearby foes to attack.
You have a long armoured tail.


   Skills:
 + Level 3.6 Fighting
 * Level 3.4 Axes
 + Level 2.9 Armour
 + Level 3.0 Shields
 + Level 0.3 Spellcasting


You had 3 spell levels left.
You didn't know any spells.
Your spell library contained the following spells:

 Spells                   Type           Power      Damage    Failure   Level
 Fulminant Prism          Conj/Hex       0%         3d6       100%        4
 Malign Gateway           Summ/Tloc      0%         N/A       100%        7

Inventory:

Hand Weapons
 a - a +0 war axe (weapon)
 v - a +1 whip of venom
   (You took it off a kobold on level 3 of the Dungeon)
Armour
 c - a +0 buckler (worn)
 e - a +0 plate armour (worn)
   (You found it on level 1 of the Dungeon)
 n - a +0 helmet (worn)
   (You took it off Robin on level 2 of the Dungeon)
Jewellery
 i - a ring of fire
   (You found it on level 1 of the Dungeon)
 l - a +4 ring of protection (left hand)
   (You found it on level 1 of the Dungeon)
Scrolls
 b - 2 scrolls of amnesia {unknown}
 f - 6 scrolls of teleportation {unknown}
 g - 3 scrolls of magic mapping {unknown}
 h - 3 scrolls of noise {unknown}
 j - a scroll of identify {unknown}
 k - a scroll of holy word {unknown}
 m - a scroll of vulnerability {unknown}
 o - 2 scrolls of summoning {unknown}
 r - a scroll of enchant armour {unknown}
 t - a scroll of blinking {unknown}
Potions
 d - 2 potions of might
 p - 2 potions of invisibility {unknown}
 q - 3 potions of cancellation {unknown}
 s - a potion of curing {unknown}
 u - 2 potions of haste {unknown}

Dungeon Overview and Level Annotations

Branches:
Dungeon (4/15)
 Temple: D:4-7

Altars:
Ashenzari
Hepliaklqana
Ru
Sif Muna

.. .. .. ...
.###... .#....
....# ...# ##..#
##. #@.## ###.. #
##O.###.#.## ..
..h.#.....#
...####..#....####.
.........oo........
#=.......o........
####..<...<......h
#.........).......
#......^.....o.....


You could see an ogre, 2 orc priests, an orc and a jackal.


Message History

You open the door.
Found three items.
Found a shimmering blue altar of Sif Muna.
There is an open door here.
There is an open door here.
You open the door.
There is an open door here.
Found an escape hatch in the ceiling.
There is an escape hatch in the ceiling here.
There is an open door here.
You see here a ring of fire.
You see here a +0 chain mail.
There is an escape hatch in the floor here.
Things that are here:
a +2 dagger of venom; 2 stones
Found 21 stones.
You see here 21 stones.
You see here 21 stones.
Found 25 sling bullets.
There is a stone staircase leading down here.
Done exploring.
Done exploring.
There is a stone staircase leading down here.
You climb downwards.
The kobold shouts!
You hear a shout! x2
Found a pearl ring and 11 gold pieces.
Found a stone staircase leading up.
There is a stone staircase leading up here.
A kobold is nearby!
Found a stone staircase leading up.
A ball python comes into view.
The ball python hisses angrily.
You hit the kobold.
You kill the kobold!
An orc priest comes into view. It is wielding a +0 club.
The orc priest shouts!
An orc comes into view. It is wielding a +0 short sword.
You hit the ball python.
You kill the ball python!
The orc priest invokes the aid of Beogh against you.
Beogh smites you!
You hear a bark!
A jackal comes into view.
An orc priest comes into view. It is wielding a +0 dagger.
The orc priest miscasts a cantrip.
An orc comes into view. It is wielding a +0 dagger.
The orc priest invokes the aid of Beogh against you.
Pain shoots through your body!
* * * LOW HITPOINT WARNING * * *
The orc priest calls down the wrath of Beogh upon you.
Beogh smites you!
* * * LOW HITPOINT WARNING * * *
There is a stone staircase leading up here.
You climb upwards.
There is a stone staircase leading down here.
Unknown command.
You start resting.
There is a stone staircase leading down here.
You climb downwards.
The ogre shouts!
The jackal barks! x2; The orc shouts!
You hear a shout!
The orc priest looks encouraged for a moment.
There is a stone staircase leading up here.
You slash the orc!
You kill the orc!
The jackal barely misses you. You block the jackal's attack.
You block the orc's attack.
The jackal bites you but does no damage. x2
You climb upwards.
There is a stone staircase leading down here.
You hit the orc. You barely miss the jackal.
The jackal bites you but does no damage.
The orc hits you but does no damage.
You barely miss the orc. You slash the jackal!
You kill the jackal!
You block the orc's attack. The jackal bites you. The orc barely misses you.
You slash the orc!
You kill the orc!
You barely miss the jackal.
The jackal bites you but does no damage. x2
You block the jackal's attack.
You hit the jackal.
You kill the jackal!
You hit the jackal.
You kill the jackal!
No target in view!
No target in view!
No target in view!
Things that are here:
a +0 short sword; a jackal corpse; an orc corpse
There is a stone staircase leading down here.
There is an escape hatch in the floor here.
There is a stone staircase leading down here.
You climb downwards.
There is a stone staircase leading up here.
The jackal barks!
The orc priest invokes the aid of Beogh against you.
Beogh smites you!
The ogre hits you with a +0 giant spiked club!!
Ouch! That really hurt!
You die...

Skill      XL: |  1  2  3  4 |
---------------+-------------+-----
Axes           | 3 |  3.4
Shields        | 3 |  3.0
Fighting       | |  3.6
Armour         | |  2.9
Spellcasting   | |  0.3

Action                   |  1- 3 |  4- 6 || total
-------------------------+-------+-------++-------
Melee: War axe           |   129 |    80 ||   209
       Tailslap          |     8 |     7 ||    15
Armor: Plate armour      |   142 |    65 ||   207
Dodge: Dodged            |    17 |    19 ||    36
Block: Buckler           |    30 |    13 ||    43

Levels and vault maps discovered:
D:1:      dpeg_arrival_lava_altar, layout_loops_corners, minmay_octomino_c4
D:2:      layout_loops_ring, uniq_robin
D:3:      layout_basic, nicolae_ru_awakened_eye,
          nicolae_sif_muna_little_library, mainiacjoe_overflow_surrounded_room,
          shapermc_ecumenical_altar_petra
D:4:      layout_cave_pools, mainiacjoe_overflow_alcove_2,
          grunt_qazlal_sundering, mainiacjoe_overflow_alcove_1, minmay_bisected

Notes
Turn   | Place    | Note
-------+----------+-------------------------------------------
     0 | D:1      | MalarOregon the Palentonga Fighter began the quest for the
                  | Orb.
     0 | D:1      | Reached XP level 1. HP: 19/19 MP: 1/1
   342 | D:1      | Reached XP level 2. HP: 20/25 MP: 2/2
   778 | D:1      | Reached XP level 3. HP: 31/31 MP: 3/3
  1255 | D:1      | Found a broken altar of Ashenzari.
  1307 | D:2      | Noticed Robin
  1326 | D:2      | Killed Robin
  1327 | D:2      | Reached skill level 3 in Axes
  1589 | D:2      | You add the spells Fulminant Prism and Malign Gateway to
                  | your library.
  1589 | D:2      | Got Ykosax's Collected Works on the Entrancing Compass
  1603 | D:2      | Reached XP level 4. HP: 33/37 MP: 4/4
  2142 | D:3      | Found a sacrificial altar of Ru.
  2320 | D:3      | Reached skill level 3 in Shields
  2594 | D:3      | Found a faded altar of an unknown god.
  2689 | D:3      | Found a hazy altar of Hepliaklqana.
  2755 | D:3      | Found a shimmering blue altar of Sif Muna.
  3491 | D:4      | Noticed an ogre
  3549 | D:4      | Slain by an ogre

Vanquished Creatures
  Robin (D:2)
  An adder (D:2)
  2 worms (D:3)
  3 dart slugs
  2 orcs
  8 endoplasms
  A giant cockroach (D:1)
  14 goblins
  9 hobgoblins
  6 jackals
  2 quokkas
  7 ball pythons
  7 bats
  5 frilled lizards
  7 kobolds
  6 rats
81 creatures vanquished.

Vanquished Creatures (others)
  2 fungi (D:3)
  4 plants (D:3)
6 creatures vanquished.

Grand Total: 87 creatures vanquished

Table legend:
 A = Non-vault XP
 B = Vault XP
 C = Vault XP percentage of total XP
 D = Non-vault monster count
 E = Vault monster count
 F = Vault count percentage of total count
                 A         B        C        D         E       F
            +---------+---------+-------+---------+---------+-------
      Total |     127 |      47 |  27.0 |      64 |      17 |  21.0
            +---------+---------+-------+---------+---------+-------
        D:1 |      33 |      14 |  29.8 |      22 |       6 |  21.4
        D:2 |      46 |      33 |  41.8 |      20 |      11 |  35.5
        D:3 |      42 |       0 |   0.0 |      19 |       0 |   0.0
        D:4 |       6 |       0 |   0.0 |       3 |       0 |   0.0
            +---------+---------+-------+---------+---------+-------

Illustrated notes

Table legend:
 A = Kills in this place as a percentage of kills in entire the game.
 B = Kills by you in this place as a percentage of kills by you in the entire game.
 C = Kills by friends in this place as a percentage of kills by friends in the entire game.
 D = Other kills in this place as a percentage of other kills in the entire game.
 E = Experience gained in this place as a percentage of experience gained in the entire game.
 F = Experience gained in this place divided by the number of levels of this place that you have seen.
                   A       B       C       D       E      F
               +-------+-------+-------+-------+-------+----------------------
         Total | 100.0 | 100.0 |   N/A |   N/A | 100.0 |  43.5
       Dungeon | 100.0 | 100.0 |   N/A |   N/A | 100.0 |  43.5
               +-------+-------+-------+-------+-------+----------------------

Table legend: (Time is in decaauts)
 A = Elapsed time spent in this place.
 B = Non-inter-level travel time spent in this place.
 C = Inter-level travel time spent in this place.
 D = Time resting spent in this place.
 E = Time spent auto-exploring this place.
 F = Levels seen in this place.
 G = Mean time per level.
                   A        B        C        D        E       F      G
               +--------+--------+--------+--------+--------+-----+--------+
         Total |   3630 |   3477 |    153 |    226 |   2654 |   4 |  907.5 |
       Dungeon |   3630 |   3477 |    153 |    226 |   2654 |   4 |  907.5 |
               +--------+--------+--------+--------+--------+-----+--------+

Top non-repeatable levels by time:
     D:3: 1499 daAuts
     D:1: 1328 daAuts
     D:2: 778 daAuts
     D:4: 23 daAuts
